 Dungeon Crawl Stone Soup version 0.28.0-43-g3370ac3207 (webtiles) character file.

Game seed: 8745098555390078211

91 RascalDebosk the Gusty (level 4, -2/33 HPs)
             Began as a Draconian Air Elementalist on Mar 17, 2022.
             Was an Initiate of Sif Muna.
             Slain by a sky beast (6 damage)
             ... on level 6 of the Dungeon on Mar 18, 2022.
             The game lasted 00:36:55 (3279 turns).

RascalDebosk the Gusty (Draconian Air Elementalist) Turns: 3279, Time: 00:36:56

Health: -2/33      AC:  6    Str: 10    XL:     4   Next: 34%
Magic:  7/7        EV: 12    Int: 17    God:    Sif Muna [......]
Gold:   118        SH:  0    Dex: 12    Spells: 2/8 levels left

rFire   . . .      SeeInvis .   d - +0 short sword
rCold   . . .      Faith    .   (no shield)
rNeg    . . .      Spirit   .   (armour unavailable)
rPois   .          Reflect  .   (helmet restricted)
rElec   .          Harm     .   p - +0 cloak
rCorr   .          Rampage  .   (no gloves)
Will    .....                   (no boots)
Stlth   ++........              (no amulet)
HPRegen 0.11/turn               (no ring)
MPRegen 0.10/turn               (no ring)

@: no status effects
A: AC +5, unfitting armour, cold-blooded
a: Renounce Religion


You were on level 6 of the Dungeon.
You worshipped Sif Muna.
Sif Muna was noncommittal.
You visited 1 branch of the dungeon, and saw 4 of its levels.

You collected 131 gold pieces.
You spent 13 gold pieces at shops.

Inventory:

Hand Weapons
 d - a +0 short sword (weapon)
Missiles
 a - 111 stones
 i - 2 poisoned darts (quivered)
Armour
 p - a +0 cloak (worn)
Scrolls
 e - a scroll of magic mapping {unknown}
 f - 3 scrolls of amnesia {unknown}
 g - a scroll of noise
 j - a scroll of enchant weapon {unknown}
 k - a scroll of teleportation {unknown}
 l - 2 scrolls of fear {unknown}
Potions
 b - 3 potions of invisibility {unknown}
 c - 3 potions of curing {unknown}
 h - a potion of haste {unknown}
 m - a potion of flight {unknown}
 n - a potion of magic {unknown}
 o - a potion of lignification {unknown}


   Skills:
 + Level 2.4 Dodging
 + Level 2.5 Stealth
 + Level 2.5 Spellcasting
 + Level 1.9 Conjurations
 + Level 3.5 Air Magic


You had 2 spell levels left.
You knew the following spells:

 Your Spells              Type           Power      Damage    Failure   Level
a - Shock                 Conj/Air       44%        1d5       6%          1
b - Static Discharge      Conj/Air       11%        N/A       9%          2
c - Swiftness             Air            14%        N/A       13%         3

Your spell library contained the following spells:

 Spells                   Type           Power      Damage    Failure   Level
 Airstrike                Air            7%         N/A       38%         4
 Ozocubu's Armour         Ice            2%         N/A       50%         3
 Metabolic Englaciation   Hex/Ice        1%         N/A       99%         5
 Simulacrum               Ice/Necr       1%         N/A       100%        6


Dungeon Overview and Level Annotations

Branches:
Dungeon (3/15)

Altars:
Hepliaklqana
Sif Muna
Xom

Shops:
D:1 *   D:3 (


Innate Abilities, Weirdness & Mutations

Your plain brown scales are hard. (AC +5)
You cannot fit into any form of body armour.
You are cold-blooded and may be slowed by cold attacks.


Message History

Press: ? - help, Q - select action, (/) - cycle Shift-Dir - straight line, f/p - sky beast
Aim: a sky beast (lightly wounded, poisoned, 43% to hit)
You throw a poisoned dart. The poisoned dart hits the sky beast.
The sky beast looks even sicker.
The sky beast is lightly wounded.
The sky beast flickers out of sight!
Deactivating autopickup; reactivate with Ctrl-A.
Something hits you. Something shocks you.
You closely miss something.
Your tail-slap misses something.
Something hits you but does no damage.
You closely miss something. Something hits you but does no damage.
You hit something. You tail-slap something.
Something hits you but does no damage.
You hit something but do no damage. Something hits you but does no damage.
You barely miss something. Something hits you. Something shocks you.
You hit something but do no damage. Something hits you but does no damage.
You closely miss something. You tail-slap something.
Something hits you but does no damage. Something hits you.
Something shocks you.
You miss something. Something hits you. Something shocks you.
* * * LOW HITPOINT WARNING * * *
You closely miss something. Something barely misses you.
You miss something.
A sky beast appears from thin air!
Reactivating autopickup.
The sky beast barely misses you.
You hit the sky beast.
The sky beast is severely wounded.
The sky beast looks more healthy.
The sky beast barely misses you.
You barely miss the sky beast.
The sky beast is severely wounded.
The sky beast misses you.
You miss the sky beast.
The sky beast is severely wounded.
The sky beast barely misses you.
You barely miss the sky beast.
Your tail-slap misses the sky beast.
The sky beast is severely wounded.
The sky beast hits you.
* * * LOW HITPOINT WARNING * * *
The sky beast shocks you.
You die...

###########
..........#
.........
#.....#
..##.....##
......(.Y@#
...(.(....#
###########


You could see a sky beast.

Vanquished Creatures
  Terence (D:3)
  An adder (D:3)
  2 worms (D:2)
  A dart slug (D:2)
  7 ball pythons
  7 endoplasms
  5 giant cockroaches
  3 goblins
  5 hobgoblins
  3 quokkas
  A bat (D:2)
  2 frilled lizards
  5 kobolds
  2 rats
45 creatures vanquished.

Notes
Turn   | Place    | Note
-------+----------+-------------------------------------------
     0 | D:1      | RascalDebosk the Draconian Air Elementalist began the quest
                  | for the Orb.
     0 | D:1      | Reached XP level 1. HP: 14/14 MP: 3/3
   655 | D:1      | Reached XP level 2. HP: 20/20 MP: 0/5
   835 | D:1      | Found Fefitas's General Store.
   851 | D:1      | Bought a scroll of noise for 13 gold pieces
   925 | D:1      | Learned a level 2 spell: Static Discharge
  1608 | D:2      | Reached XP level 3. HP: 26/26 MP: 0/6
  1952 | D:2      | Learned a level 3 spell: Swiftness
  2433 | D:3      | Found Ilideo's Antique Weapon Boutique.
  2502 | D:3      | Found a shimmering blue altar of Sif Muna.
  2506 | D:3      | Found a shimmering altar of Xom.
  2511 | D:3      | Became a worshipper of Sif Muna the Loreminder
  2671 | D:3      | Found a hazy altar of Hepliaklqana.
  3031 | D:3      | Noticed Terence
  3054 | D:3      | Killed Terence
  3055 | D:3      | Reached XP level 4. HP: 27/33 MP: 0/7
  3260 | D:3      | You fall into a shaft and drop 3 floors!
  3260 | D:6      | Noticed a sky beast
  3279 | D:6      | Slain by a sky beast

Illustrated notes

Levels and vault maps discovered:
D:1:      dpeg_arrival_solitude, layout_loops_ring, serial_shops, shop
D:2:      layout_basic
D:3:      layout_basic, trog_butcher_becter,
          mainiacjoe_overflow_small_starburst, grunt_temple_overflow_open,
          serial_shops, shop, uniq_terence
D:6:      layout_gridville, nicolae_gozag_seed_capital, uniq_duvessa,
          uniq_menkaure, uniq_maggie

Skill      XL: |  1 |
---------------+----+-----
Dodging        | 2 |  2.4
Stealth        | 2 |  2.5
Spellcasting   | |  2.5
Conjurations   | |  1.9
Air Magic      | |  3.5

Action                   |  1- 3 |  4- 6 || total
-------------------------+-------+-------++-------
Melee: Unarmed           |    28 |       ||    28
       Tailslap          |     7 |     2 ||     9
       Punch             |     2 |       ||     2
       Short sword       |    21 |    16 ||    37
Throw: Dart              |       |     3 ||     3
 Cast: Shock             |    81 |     1 ||    82
       Static Discharge  |     8 |       ||     8
Armor: Skin              |    33 |     6 ||    39
Dodge: Dodged            |    41 |     5 ||    46
